Flyers vs Panthers

Created - October-23-12 at 17:33

Goals
1 2 3 T
Flyers 0 0 0 0
Panthers 0 0 1 1
Shots
1 2 3 T
Flyers 9 1 4 14
Panthers 5 6 6 17

1st period

No Goal

Penalties :
Luca Sbisa (FLA) for Holding (Minor) at 3:32, Nikolai Kulemin (PHI) for Holding (Minor) at 3:32, Niklas Kronwall (FLA) for Holding (Minor) at 9:41, Colin Greening (FLA) for Holding (Minor) at 18:47

2nd period

No Goal

Penalties :
Nikolai Kulemin (PHI) for Hooking (Minor) at 5:48, Kyle Brodziak (PHI) for Cross-checking (Minor) at 17:56

3rd period

1. Panthers , Sam Gagner 1 (Colin Greening, Andy Greene) at 16:59

Penalties :
Niklas Kronwall (FLA) for Interference (Minor) at 1:07, Matt Cullen (FLA) for Tripping (Minor) at 5:18, Nikolai Kulemin (PHI) for Hooking (Minor) at 7:40, Mike Komisarek (FLA) for High sticking (Minor) at 10:10, Luke Schenn (PHI) for Hooking (Minor) at 14:28

Goalie Stats

Al Montoya (PHI), 16 saves from 17 shots - (0.941), L, 2-3-1, 59:24 minutes
Tim Thomas (FLA), 14 saves from 14 shots - (1.000), W, 2-4-0, 60:00 minutes

Players Stats for Flyers

Player Name              G  A  P  +/- PIM S  H  SB GA TA FO     MP     PP MP  PK MP  
------------------------------------------------------------------------------------
Andreas Lilja            0  0  0   0  0   0  1  0  0  0  0/0    16:29   0:00   3:38 
Brian Lee                0  0  0  -1  0   0  2  1  0  0  0/0    16:22   4:09   0:00 
Chris Pronger            0  0  0   0  0   0  0  0  0  0  0/0    24:34   5:46   3:36 
David Steckel            0  0  0   0  0   0  3  0  0  0  12/22  19:47   4:09   3:02 
Gabriel Bourque          0  0  0   0  0   1  0  0  0  0  0/0     6:15   0:21   1:02 
John Madden              0  0  0  -1  0   0  0  0  0  0  2/7    15:36   0:00   1:33 
Justin Williams          0  0  0   0  0   1  1  0  0  0  0/0    23:12   5:46   2:27 
Kevin Bieksa             0  0  0  -1  0   2  3  0  0  0  0/0    23:18   5:46   4:00 
Kyle Brodziak            0  0  0   0  2   3  2  0  0  0  21/31  24:28   5:46   3:13 
Kyle Okposo              0  0  0   0  0   2  1  1  0  0  1/2    16:45   4:09   0:00 
Ladislav Smid            0  0  0   0  0   2  0  2  0  0  0/0    19:49   4:09   3:47 
Luke Schenn              0  0  0   0  2   0  2  0  0  0  0/0    14:09   0:00   0:00 
Marc-Andre Bergeron      0  0  0   0  0   0  0  0  0  0  0/1    18:26   4:09   4:27 
Niklas Hagman            0  0  0   0  0   1  0  0  0  0  0/0    17:29   5:25   0:08 
Nikolai Kulemin          0  0  0  -1  6   0  2  1  0  0  0/0    14:00   0:00   0:00 
Philip Larsen            0  0  0   0  0   0  0  0  0  0  0/0     4:44   0:00   0:51 
Randy Jones              0  0  0   0  0   0  0  0  0  0  0/0     0:34   0:00   0:00 
Steve Sullivan           0  0  0  -1  0   2  1  0  0  0  0/1    14:03   0:00   0:00 

Players Stats for Panthers

Player Name              G  A  P  +/- PIM S  H  SB GA TA FO     MP     PP MP  PK MP  
------------------------------------------------------------------------------------
Andy Greene              0  1  1   1  0   0  0  1  0  0  0/0    11:01   0:00   0:00 
Colin Greening           0  1  1   1  2   2  1  0  0  0  1/3    11:52   1:17   0:09 
Daniel Alfredsson        0  0  0   0  0   4  0  0  0  0  10/25  25:44   4:01   6:32 
Dave Bolland             0  0  0   0  0   3  2  0  0  0  9/18   21:13   2:52   3:02 
Jason Garrison           0  0  0   0  0   0  1  0  0  0  0/0    23:34   4:06   5:10 
Jiri Hudler              0  0  0   0  0   1  1  0  0  0  0/0    17:53   2:53   0:00 
Johnny Oduya             0  0  0   0  0   1  0  0  0  0  0/0    20:12   3:50   4:45 
Justin Falk              0  0  0   0  0   0  0  0  0  0  0/0     6:08   0:00   0:02 
Kyle Quincey             0  0  0   0  0   1  1  0  0  0  0/0    20:03   3:50   4:45 
Lee Stempniak            0  0  0   0  0   1  2  0  0  0  0/1    12:59   0:00   0:21 
Luca Sbisa               0  0  0   1  2   0  4  0  0  0  0/0    12:16   0:00   2:00 
Matt Cullen              0  0  0   0  2   0  1  0  0  0  0/0    18:31   3:20   0:12 
Mike Komisarek           0  0  0   0  2   0  0  0  0  0  0/0     6:05   0:00   0:00 
Niklas Kronwall          0  0  0   0  4   0  0  1  0  0  0/0    21:30   4:06   3:08 
Ryan Smyth               0  0  0   1  0   2  0  0  0  0  3/4    24:55   4:21   6:32 
Sam Gagner               1  0  1   1  0   2  0  0  0  0  4/11   20:42   4:21   3:02 
Theo Peckham             0  0  0   0  0   0  0  0  0  0  0/0     0:00   0:00   0:00 
Viktor Stalberg          0  0  0   0  0   0  1  0  0  0  1/2    13:22   0:43   0:00 

3 Stars

1 - Tim Thomas (FLA)
2 - Sam Gagner (FLA)
3 - Al Montoya (PHI)

Power Play

Flyers - 0 on 5 Attempt(s) - 0.00%
Panthers - 0 on 4 Attempt(s) - 0.00%

Penalty Kill

Flyers - 4 on 4 Attempt(s) - 100.00% - Score 0 goal in Penalty Kill
Panthers - 5 on 5 Attempt(s) - 100.00% - Score 0 goal in Penalty Kill

Official

Referees : Mike Hasenfratz and Stephane Auger
Linesman : Vaughan Rody and Steve Barton

Game Notes

No Game Note

Finance

Level 1 -- Attendance: 6000 (100.00%) -- Ticket Income $420,000
Level 2 -- Attendance: 5000 (100.00%) -- Ticket Income $150,000
Level 3 -- Attendance: 3500 (100.00%) -- Ticket Income $70,000
Level 4 -- Attendance: 3208 (85.55%) -- Ticket Income $32,080
Luxury Box -- Attendance: 1000 (100.00%) -- Ticket Income $150,000
Game was played at the BankAtlantic Center
Total Attendance: 18708 (97.18%)
Total Ticket Income: $822,080
Other Income: $123,312
Total Income: $945,392


% Time on Ice - Flyers

Lines # - Real PCT - Wanted PCT - Time Play
Normal Forward
1 - 23% - 40% - 9:01
2 - 30% - 30% - 11:56
3 - 35% - 20% - 14:03
4 - 12% - 10% - 4:52
Normal Defense
1 - 27% - 40% - 10:55
2 - 31% - 30% - 12:13
3 - 32% - 20% - 12:51
4 - 10% - 10% - 3:53
PP Forward
1 - 58% - 60% - 5:46
2 - 42% - 40% - 4:09
PP Defense
1 - 58% - 60% - 5:46
2 - 42% - 40% - 4:09
PK Forward
1 - 69% - 60% - 5:29
2 - 31% - 40% - 2:27
PK Defense
1 - 50% - 60% - 3:56
2 - 50% - 40% - 4:00
PK3 Forward
1 - 0% - 60%
2 - 0% - 40%
PK3 Defense
1 - 0% - 60%
2 - 0% - 40%
44 Forward
1 - 66% - 60% - 1:19
2 - 34% - 40% - 0:40
44 Defense
1 - 34% - 60% - 0:40
2 - 66% - 40% - 1:19
Last Minute Offensive  - 0:18
Last Minute Defensive  - 0:00
Total
Forward - 60:00
Defense - 60:00

% Time on Ice - Panthers

Lines # - Real PCT - Wanted PCT - Time Play
Normal Forward
1 - 13% - 40% - 5:13
2 - 37% - 30% - 15:00
3 - 29% - 20% - 11:37
4 - 20% - 10% - 8:12
Normal Defense
1 - 32% - 40% - 12:49
2 - 27% - 30% - 10:50
3 - 26% - 20% - 10:17
4 - 15% - 10% - 6:06
PP Forward
1 - 55% - 60% - 4:21
2 - 45% - 40% - 3:35
PP Defense
1 - 52% - 60% - 4:06
2 - 48% - 40% - 3:50
PK Forward
1 - 69% - 60% - 6:53
2 - 31% - 40% - 3:02
PK Defense
1 - 52% - 60% - 5:10
2 - 48% - 40% - 4:45
PK3 Forward
1 - 0% - 60%
2 - 0% - 40%
PK3 Defense
1 - 0% - 60%
2 - 0% - 40%
44 Forward
1 - 68% - 60% - 1:21
2 - 32% - 40% - 0:38
44 Defense
1 - 68% - 60% - 1:21
2 - 32% - 40% - 0:38
Last Minute Offensive  - 0:00
Last Minute Defensive  - 0:08
Total
Forward - 60:00
Defense - 60:00

Play by Play

1st period


0:01 of 1st period - Kyle Brodziak wins face-off versus Sam Gagner in neutral zone.
0:10 of 1st period - Shot by Kyle Brodziak.
0:10 of 1st period - Stopped by Tim Thomas without a rebound.
0:11 of 1st period - Kyle Okposo wins face-off versus Dave Bolland in Panthers zone.
0:19 of 1st period - Dave Bolland is hit by David Steckel and loses puck.
0:23 of 1st period - Off-side.
0:24 of 1st period - Daniel Alfredsson wins face-off versus Steve Sullivan in neutral zone.
0:34 of 1st period - Shot by Lee Stempniak.
0:34 of 1st period - Shot Misses the Net.
0:36 of 1st period - Shot by Daniel Alfredsson.
0:36 of 1st period - Stopped by Al Montoya with a rebound.
0:38 of 1st period - Shot by Daniel Alfredsson.
0:38 of 1st period - Shot Hit the Post.
0:44 of 1st period - Shot by Daniel Alfredsson.
0:44 of 1st period - Stopped by Al Montoya without a rebound.
0:45 of 1st period - Ryan Smyth wins face-off versus Kyle Brodziak in Flyers zone.
1:20 of 1st period - Niklas Kronwall is hit by Kyle Brodziak and loses puck.
2:41 of 1st period - Shot by Steve Sullivan.
2:41 of 1st period - Stopped by Tim Thomas without a rebound.
2:42 of 1st period - Daniel Alfredsson wins face-off versus Kyle Brodziak in Panthers zone.
3:32 of 1st period - Minor Penalty to Luca Sbisa for Holding.
3:32 of 1st period - Minor Penalty to Nikolai Kulemin for Holding.
3:33 of 1st period - Kyle Brodziak wins face-off versus Daniel Alfredsson in Panthers zone.
4:44 of 1st period - Shot by Dave Bolland.
4:44 of 1st period - Shot Misses the Net.
4:46 of 1st period - Shot by Dave Bolland.
4:46 of 1st period - Shot Blocked by Ladislav Smid.
4:48 of 1st period - Shot by Kyle Quincey.
4:48 of 1st period - Stopped by Al Montoya with a rebound.
4:50 of 1st period - Shot by Johnny Oduya.
4:50 of 1st period - Stopped by Al Montoya without a rebound.
4:51 of 1st period - David Steckel wins face-off versus Viktor Stalberg in Flyers zone.
5:00 of 1st period - Shot by Ladislav Smid.
5:00 of 1st period - Stopped by Tim Thomas without a rebound.
5:01 of 1st period - Kyle Brodziak wins face-off versus Daniel Alfredsson in Panthers zone.
5:37 of 1st period - Icing by Kyle Quincey.
5:38 of 1st period - Dave Bolland wins face-off versus David Steckel in Panthers zone.
5:38 of 1st period - Dave Bolland is hit by David Steckel.
5:49 of 1st period - Johnny Oduya is hit by David Steckel.
6:02 of 1st period - Off-side.
6:03 of 1st period - Ryan Smyth wins face-off versus John Madden in neutral zone.
6:03 of 1st period - Colin Greening is hit by Steve Sullivan and loses puck.
6:22 of 1st period - Shot by Ryan Smyth.
6:22 of 1st period - Stopped by Al Montoya with a rebound.
6:43 of 1st period - Icing by Mike Komisarek.
6:44 of 1st period - Ryan Smyth wins face-off versus David Steckel in Panthers zone.
6:44 of 1st period - Ryan Smyth is hit by Kyle Okposo.
7:48 of 1st period - Icing by Kyle Brodziak.
7:49 of 1st period - Kyle Brodziak wins face-off versus Dave Bolland in Flyers zone.
8:01 of 1st period - Icing by Chris Pronger.
8:02 of 1st period - Kyle Brodziak wins face-off versus Daniel Alfredsson in Flyers zone.
9:16 of 1st period - Off-side.
9:17 of 1st period - Dave Bolland wins face-off versus John Madden in neutral zone.
9:36 of 1st period - Shot by Nikolai Kulemin.
9:36 of 1st period - Shot Misses the Net.
9:38 of 1st period - Shot by Steve Sullivan.
9:38 of 1st period - Stopped by Tim Thomas without a rebound.
9:39 of 1st period - David Steckel wins face-off versus Sam Gagner in Panthers zone.
9:41 of 1st period - Minor Penalty to Niklas Kronwall for Holding.
9:42 of 1st period - Kyle Brodziak wins face-off versus Daniel Alfredsson in Panthers zone.
10:22 of 1st period - Shot by Kevin Bieksa.
10:22 of 1st period - Stopped by Tim Thomas with a rebound.
10:24 of 1st period - Shot by Kyle Brodziak.
10:24 of 1st period - Shot Misses the Net.
11:30 of 1st period - Shot by Kyle Brodziak.
11:30 of 1st period - Stopped by Tim Thomas without a rebound.
11:31 of 1st period - David Steckel wins face-off versus Daniel Alfredsson in Panthers zone.
11:32 of 1st period - Shot by Kevin Bieksa.
11:32 of 1st period - Stopped by Tim Thomas without a rebound.
11:33 of 1st period - Kyle Brodziak wins face-off versus Ryan Smyth in Panthers zone.
12:14 of 1st period - Off-side.
12:15 of 1st period - Kyle Brodziak wins face-off versus Daniel Alfredsson in neutral zone.
12:46 of 1st period - Shot by Justin Williams.
12:46 of 1st period - Stopped by Tim Thomas with a rebound.
12:51 of 1st period - Kyle Brodziak is hit by Jason Garrison and loses puck.
13:19 of 1st period - Shot by Kyle Okposo.
13:19 of 1st period - Stopped by Tim Thomas without a rebound.
13:20 of 1st period - Dave Bolland wins face-off versus John Madden in Panthers zone.
13:37 of 1st period - Shot by Kyle Quincey.
13:37 of 1st period - Shot Blocked by Nikolai Kulemin.
15:24 of 1st period - Off-side.
15:25 of 1st period - David Steckel wins face-off versus Dave Bolland in neutral zone.
16:04 of 1st period - Shot by Kyle Okposo.
16:04 of 1st period - Shot Misses the Net.
16:59 of 1st period - Kyle Quincey is hit by Nikolai Kulemin.
17:23 of 1st period - Shot by Daniel Alfredsson.
17:23 of 1st period - Shot Misses the Net.
17:29 of 1st period - Shot by Daniel Alfredsson.
17:29 of 1st period - Shot Misses the Net.
17:49 of 1st period - Shot by Daniel Alfredsson.
17:49 of 1st period - Shot Misses the Net.
18:04 of 1st period - Icing by Colin Greening.
18:05 of 1st period - David Steckel wins face-off versus Colin Greening in Panthers zone.
18:05 of 1st period - Kevin Bieksa is hit by Luca Sbisa and loses puck.
18:11 of 1st period - Icing by Andy Greene.
18:12 of 1st period - Kyle Brodziak wins face-off versus Colin Greening in Panthers zone.
18:13 of 1st period - Shot by Marc-Andre Bergeron.
18:13 of 1st period - Deflect By Justin Williams.
18:13 of 1st period - Shot Blocked by Andy Greene.
18:47 of 1st period - Minor Penalty to Colin Greening for Holding.
18:48 of 1st period - Daniel Alfredsson wins face-off versus Kyle Okposo in Panthers zone.
19:27 of 1st period - Icing by Kevin Bieksa.
19:28 of 1st period - David Steckel wins face-off versus Daniel Alfredsson in Flyers zone.
19:30 of 1st period - Icing by Kevin Bieksa.
19:31 of 1st period - Daniel Alfredsson wins face-off versus Marc-Andre Bergeron in Flyers zone.
19:55 of 1st period - Off-side.
19:56 of 1st period - Kyle Brodziak wins face-off versus Sam Gagner in neutral zone.

2nd period


0:01 of 2nd period - Kyle Brodziak wins face-off versus Daniel Alfredsson in neutral zone.
0:15 of 2nd period - Icing by Chris Pronger.
0:16 of 2nd period - Kyle Brodziak wins face-off versus Daniel Alfredsson in Flyers zone.
1:27 of 2nd period - Icing by Luca Sbisa.
1:28 of 2nd period - Dave Bolland wins face-off versus David Steckel in Panthers zone.
1:59 of 2nd period - Shot by David Steckel.
1:59 of 2nd period - Shot Blocked by Niklas Kronwall.
3:59 of 2nd period - Dave Bolland is hit by Kevin Bieksa and loses puck.
4:15 of 2nd period - Brian Lee is hit by Dave Bolland and loses puck.
4:55 of 2nd period - Gabriel Bourque is hit by Luca Sbisa and loses puck.
5:42 of 2nd period - Justin Falk is hit by Nikolai Kulemin and loses puck.
5:48 of 2nd period - Minor Penalty to Nikolai Kulemin for Hooking.
5:49 of 2nd period - Sam Gagner wins face-off versus Kyle Brodziak in Flyers zone.
5:58 of 2nd period - Shot by Ryan Smyth.
5:58 of 2nd period - Deflect By Sam Gagner.
5:58 of 2nd period - Shot Misses the Net.
6:58 of 2nd period - Shot by Daniel Alfredsson.
6:58 of 2nd period - Shot Misses the Net.
7:17 of 2nd period - Icing by Daniel Alfredsson.
7:18 of 2nd period - Viktor Stalberg wins face-off versus David Steckel in Panthers zone.
7:18 of 2nd period - Kyle Quincey is hit by Kevin Bieksa and loses puck.
7:27 of 2nd period - Kevin Bieksa is hit by Viktor Stalberg and loses puck.
7:53 of 2nd period - Luca Sbisa is hit by Kevin Bieksa.
8:07 of 2nd period - Shot by Dave Bolland.
8:07 of 2nd period - Shot Hit the Post.
10:33 of 2nd period - Shot by Colin Greening.
10:33 of 2nd period - Stopped by Al Montoya with a rebound.
11:28 of 2nd period - Icing by Brian Lee.
11:29 of 2nd period - Dave Bolland wins face-off versus David Steckel in Flyers zone.
11:48 of 2nd period - Shot by Jiri Hudler.
11:48 of 2nd period - Shot Blocked by Kyle Okposo.
12:40 of 2nd period - Shot by Steve Sullivan.
12:40 of 2nd period - Shot Misses the Net.
13:53 of 2nd period - Kevin Bieksa is hit by Colin Greening and loses puck.
14:00 of 2nd period - Shot by Sam Gagner.
14:00 of 2nd period - Shot Blocked by Brian Lee.
14:11 of 2nd period - Brian Lee is hit by Luca Sbisa and loses puck.
14:33 of 2nd period - Icing by Brian Lee.
14:34 of 2nd period - Daniel Alfredsson wins face-off versus David Steckel in Flyers zone.
14:40 of 2nd period - Icing by Kevin Bieksa.
14:41 of 2nd period - David Steckel wins face-off versus Daniel Alfredsson in Flyers zone.
15:00 of 2nd period - Shot by Daniel Alfredsson.
15:00 of 2nd period - Shot Misses the Net.
15:02 of 2nd period - Shot by Daniel Alfredsson.
15:02 of 2nd period - Stopped by Al Montoya with a rebound.
15:06 of 2nd period - Shot by Viktor Stalberg.
15:06 of 2nd period - Deflect By Lee Stempniak.
15:06 of 2nd period - Stopped by Al Montoya with a rebound.
16:03 of 2nd period - Off-side.
16:04 of 2nd period - Kyle Brodziak wins face-off versus Dave Bolland in neutral zone.
16:21 of 2nd period - Shot by Niklas Kronwall.
16:21 of 2nd period - Shot Misses the Net.
16:29 of 2nd period - Shot by Gabriel Bourque.
16:29 of 2nd period - Stopped by Tim Thomas without a rebound.
16:30 of 2nd period - John Madden wins face-off versus Daniel Alfredsson in Panthers zone.
17:54 of 2nd period - Niklas Kronwall is hit by Justin Williams and loses puck.
17:56 of 2nd period - Minor Penalty to Kyle Brodziak for Cross-checking.
17:57 of 2nd period - Sam Gagner wins face-off versus David Steckel in Flyers zone.
18:21 of 2nd period - Shot by Sam Gagner.
18:21 of 2nd period - Stopped by Al Montoya with a rebound.
18:23 of 2nd period - Shot by Johnny Oduya.
18:23 of 2nd period - Shot Hit the Post.
18:25 of 2nd period - Shot by Ryan Smyth.
18:25 of 2nd period - Stopped by Al Montoya with a rebound.
18:31 of 2nd period - Shot by Kyle Quincey.
18:31 of 2nd period - Shot Misses the Net.
19:16 of 2nd period - Icing by Niklas Kronwall.
19:17 of 2nd period - Dave Bolland wins face-off versus David Steckel in Panthers zone.
19:44 of 2nd period - Shot by Daniel Alfredsson.
19:44 of 2nd period - Stopped by Al Montoya without a rebound.
19:45 of 2nd period - Sam Gagner wins face-off versus John Madden in Flyers zone.

3rd period


0:01 of 3rd period - Kyle Brodziak wins face-off versus Sam Gagner in neutral zone.
0:13 of 3rd period - Icing by Ladislav Smid.
0:14 of 3rd period - Dave Bolland wins face-off versus Kyle Brodziak in Flyers zone.
0:23 of 3rd period - Shot by Dave Bolland.
0:23 of 3rd period - Shot Misses the Net.
0:25 of 3rd period - Shot by Dave Bolland.
0:25 of 3rd period - Shot Misses the Net.
0:27 of 3rd period - Shot by Johnny Oduya.
0:27 of 3rd period - Shot Blocked by Ladislav Smid.
0:29 of 3rd period - Shot by Johnny Oduya.
0:29 of 3rd period - Deflect By Jiri Hudler.
0:29 of 3rd period - Stopped by Al Montoya without a rebound.
0:30 of 3rd period - David Steckel wins face-off versus Sam Gagner in Flyers zone.
1:07 of 3rd period - Minor Penalty to Niklas Kronwall for Interference.
1:08 of 3rd period - Daniel Alfredsson wins face-off versus Kyle Brodziak in Panthers zone.
1:48 of 3rd period - Icing by Chris Pronger.
1:49 of 3rd period - Daniel Alfredsson wins face-off versus Kyle Brodziak in Flyers zone.
3:04 of 3rd period - Gabriel Bourque is hit by Luca Sbisa and loses puck.
3:31 of 3rd period - John Madden is hit by Jiri Hudler and loses puck.
4:40 of 3rd period - Niklas Kronwall is hit by Brian Lee and loses puck.
4:55 of 3rd period - Shot by Kyle Okposo.
4:55 of 3rd period - Stopped by Tim Thomas without a rebound.
4:56 of 3rd period - Sam Gagner wins face-off versus David Steckel in Panthers zone.
5:11 of 3rd period - Icing by Ladislav Smid.
5:12 of 3rd period - David Steckel wins face-off versus Dave Bolland in Flyers zone.
5:12 of 3rd period - Chris Pronger is hit by Matt Cullen and loses puck.
5:18 of 3rd period - Minor Penalty to Matt Cullen for Tripping.
5:19 of 3rd period - Daniel Alfredsson wins face-off versus Kyle Brodziak in Panthers zone.
5:34 of 3rd period - Shot by Ladislav Smid.
5:34 of 3rd period - Shot Misses the Net.
5:36 of 3rd period - Shot by Niklas Hagman.
5:36 of 3rd period - Stopped by Tim Thomas with a rebound.
5:42 of 3rd period - Shot by Ladislav Smid.
5:42 of 3rd period - Stopped by Tim Thomas without a rebound.
5:43 of 3rd period - David Steckel wins face-off versus Daniel Alfredsson in Panthers zone.
7:24 of 3rd period - Matt Cullen is hit by Luke Schenn and loses puck.
7:40 of 3rd period - Minor Penalty to Nikolai Kulemin for Hooking.
7:41 of 3rd period - Kyle Brodziak wins face-off versus Sam Gagner in Flyers zone.
8:50 of 3rd period - Shot by Kyle Quincey.
8:50 of 3rd period - Shot Misses the Net.
9:59 of 3rd period - Off-side.
10:00 of 3rd period - David Steckel wins face-off versus Dave Bolland in neutral zone.
10:07 of 3rd period - Shot by David Steckel.
10:07 of 3rd period - Shot Hit the Post.
10:10 of 3rd period - Minor Penalty to Mike Komisarek for High sticking.
10:11 of 3rd period - Kyle Brodziak wins face-off versus Lee Stempniak in Panthers zone.
10:11 of 3rd period - Kyle Brodziak is hit by Kyle Quincey.
10:15 of 3rd period - Shot by Kyle Brodziak.
10:15 of 3rd period - Stopped by Tim Thomas without a rebound.
10:16 of 3rd period - Daniel Alfredsson wins face-off versus Kyle Brodziak in Panthers zone.
10:16 of 3rd period - Daniel Alfredsson is hit by Kyle Brodziak.
11:50 of 3rd period - Off-side.
11:51 of 3rd period - Kyle Brodziak wins face-off versus Daniel Alfredsson in neutral zone.
12:21 of 3rd period - Icing by Luke Schenn.
12:22 of 3rd period - John Madden wins face-off versus Dave Bolland in Flyers zone.
12:40 of 3rd period - Shot by Dave Bolland.
12:40 of 3rd period - Shot Misses the Net.
12:48 of 3rd period - Shot by Dave Bolland.
12:48 of 3rd period - Stopped by Al Montoya without a rebound.
12:49 of 3rd period - Kyle Brodziak wins face-off versus Daniel Alfredsson in Flyers zone.
13:52 of 3rd period - Kevin Bieksa is hit by Lee Stempniak and loses puck.
14:09 of 3rd period - Shot by Colin Greening.
14:09 of 3rd period - Stopped by Al Montoya without a rebound.
14:10 of 3rd period - Dave Bolland wins face-off versus John Madden in Flyers zone.
14:14 of 3rd period - Matt Cullen is hit by Andreas Lilja.
14:28 of 3rd period - Minor Penalty to Luke Schenn for Hooking.
14:29 of 3rd period - Dave Bolland wins face-off versus Kyle Brodziak in Flyers zone.
14:36 of 3rd period - Shot by Jiri Hudler.
14:36 of 3rd period - Shot Misses the Net.
14:38 of 3rd period - Shot by Dave Bolland.
14:38 of 3rd period - Stopped by Al Montoya with a rebound.
14:40 of 3rd period - Shot by Kyle Quincey.
14:40 of 3rd period - Shot Misses the Net.
14:42 of 3rd period - Shot by Dave Bolland.
14:42 of 3rd period - Stopped by Al Montoya without a rebound.
14:43 of 3rd period - Kyle Brodziak wins face-off versus Sam Gagner in Flyers zone.
15:39 of 3rd period - Off-side.
15:40 of 3rd period - Kyle Brodziak wins face-off versus Dave Bolland in neutral zone.
16:57 of 3rd period - Shot by Sam Gagner.
16:57 of 3rd period - Shot Misses the Net.
16:59 of 3rd period - Shot by Sam Gagner.
16:59 of 3rd period - Goal by Sam Gagner - Flyers : 0 - Panthers : 1.
17:00 of 3rd period - Daniel Alfredsson wins face-off versus David Steckel in neutral zone.
17:03 of 3rd period - Chris Pronger is hit by Lee Stempniak and loses puck.
17:07 of 3rd period - Icing by Chris Pronger.
17:08 of 3rd period - David Steckel wins face-off versus Dave Bolland in Flyers zone.
17:08 of 3rd period - David Steckel is hit by Dave Bolland.
18:44 of 3rd period - Icing by Kevin Bieksa.
18:45 of 3rd period - Colin Greening wins face-off versus Kyle Brodziak in Flyers zone.
18:45 of 3rd period - Andy Greene is hit by Brian Lee and loses puck.
19:05 of 3rd period - Ryan Smyth is hit by Luke Schenn and loses puck.
19:19 of 3rd period - Flyers, Al Montoya is pulled from the net.
19:54 of 3rd period - Icing by Ladislav Smid.
19:55 of 3rd period - Al Montoya from Flyers was sent back in the game.
19:55 of 3rd period - Kyle Brodziak wins face-off versus Daniel Alfredsson in Flyers zone.


Output by the SimonT Hockey Simulator (STHS) for Stephane Roy -- Original Page W3C XHTML 1.0 Valid
Hockey Simulator - Hockey Simulation - Hockey Manager